 Dungeon Crawl Stone Soup version 0.21.1-1-g345015fe64 (webtiles) character file.

564 DildoBatman the Skirmisher (level 7, -2/56 HPs)
             Began as a Formicid Enchanter on Apr 20, 2018.
             Slain by a centaur
             ... wielding a +0 whip
              (6 damage)
             ... on level 5 of the Dungeon.
             The game lasted 00:13:41 (4448 turns).

DildoBatman the Skirmisher (Formicid Enchanter)     Turns: 4448, Time: 00:13:42

Health: -2/56      AC:  4    Str: 15    XL:     7   Next: 58%
Magic:  7/10       EV: 12    Int: 14    God:
Gold:   183        SH:  0    Dex: 11    Spells: 6/10 levels left

rFire    . . .     SeeInvis +   a - +1 trident (venom)
rCold    . . .     Gourm    .   (no shield)
rNeg     . . .     Faith    .   x - +0 leather armour of the Moon {Slay+3} (curse)
rPois    .         Spirit   .   (helmet unavailable)
rElec    .         Reflect  .   p - +0 cloak
rCorr    .         Harm     .   (no gloves)
MR       .....                  (no boots)
Stlth    ++........             (no amulet)
HPRegen  0.18/turn              (no ring)
MPRegen  0.12/turn              (no ring)

@: no status effects
A: permanent stasis, dig shafts and tunnels, four strong arms, antennae 3
a: Dig, Shaft Self


You were on level 5 of the Dungeon.
You were very hungry.

You visited 1 branch of the dungeon, and saw 5 of its levels.
You also visited: Sewer.

You collected 183 gold pieces.

Inventory:

Hand Weapons
 a - a +1 trident of venom (weapon)
 b - a +1 dagger of speed
 d - a +0 dagger of venom
 z - a +0 morningstar of protection
Missiles
 f - 73 stones (quivered)
 o - 3 needles of sleeping
Armour
 p - a +0 cloak (worn)
 x - the cursed +0 leather armour of the Moon (worn) {Slay+3}
   (You found it on level 4 of the Dungeon)

   It affects your accuracy and damage with ranged weapons and melee attacks
   (+3).
   It has a curse placed upon it.
Magical Staves
 h - an uncursed staff of poison {unknown}
Jewellery
 y - a cursed amulet of inaccuracy {unknown}
Scrolls
 e - 2 scrolls of remove curse {unknown}
 g - 2 scrolls of fear {unknown}
 i - 9 scrolls of identify {unknown}
 l - a scroll of amnesia {unknown}
 n - 2 scrolls of enchant weapon {unknown}
 s - a scroll of fog {unknown}
Potions
 j - 2 potions of curing {unknown}
 k - 2 potions of heal wounds {unknown}
 q - 4 potions of flight
 r - a potion of degeneration {unknown}
 u - a potion of ambrosia {unknown}
 w - a potion of haste {unknown}
Books
 c - a book of Maledictions

   Spells                             Type                      Level
   a - Corona                         Hexes                        1
   b - Ensorcelled Hibernation        Hexes/Ice                    2
   c - Confuse                        Hexes                        3
   d - Tukima's Dance                 Hexes                        3
   e - Dazzling Spray                 Conjuration/Hexes            3
Miscellaneous
 t - a phial of floods
Comestibles
 v - 10 rations


   Skills:
 * Level 5.5 Fighting
 - Level 1.0 Short Blades
 * Level 4.6 Armour
 * Level 2.6 Dodging
 * Level 4.7 Stealth
 - Level 2.1 Spellcasting
 - Level 3.6 Hexes


You had 6 spell levels left.
You knew the following spells:

 Your Spells              Type           Power        Failure   Level  Hunger
a - Corona                Hex            ##.....      6%          1    #......
b - Confuse               Hex            ##......     19%         3    ###....


Dungeon Overview and Level Annotations

Branches:
Dungeon (5/15)
 Temple: D:4-7

Altars:
Cheibriados
Hepliaklqana
Nemelex Xobeh
Qazlal
Trog

Annotations:
D:2 Sigmund
D:5 5 runed doors


Innate Abilities, Weirdness & Mutations

You cannot be hasted, slowed, berserked, paralysed or teleported.
You can dig through walls and to a lower floor.
Your four strong arms can wield two-handed weapons with a shield.
You have a pair of large antennae on your head. (SInv)


Message History

The centaur unwields an uncursed shortbow.
The centaur wields an uncursed whip.
The centaur closely misses you.
You hit the centaur.
The centaur is lightly wounded.
The centaur closely misses you. x2
Casting: Corona
Confirm with . or Enter, or press ? or * to list all spells.
Aiming: Confuse
Press: ? - help, Shift-Dir - straight line, f - centaur
Aim: a centaur, wielding a whip (lightly wounded, chance to defeat MR: 42%)
The centaur resists with some effort.
The centaur hits you with an uncursed whip.
You hit the centaur.
The centaur is poisoned.
The centaur is lightly wounded.
The killer bee buzzes angrily.
You hear an angry buzzing noise. x3
The centaur hits you with an uncursed whip.
You die...

#.#^##.# #....###.....#.#.
#.#....# #.....#..#.#...>.
#.####.# #......#.....#.#.
#.####.# #......#.......##
#......# ###.(.....##.###
######.# ##.....c....#
##.#####..######..##
#......c.##aS{a##.##
#..###@.##+{{{{a#..#
#....(.## #{..S.##.#
#..(.###{{##.[..a#.# {
#....####yyy {###+###.#
#.####)+..y...#$?+...!....
# ####....y# +###.....
...###..## {{{#.#...
##...##.#{{ {{ #.#.## ##..
#+ { ..#.#


You could see a centaur and 3 killer bees.

Vanquished Creatures
  2 scorpions (D:4)
  A crimson imp (D:5)
  A hound (D:4)
  An orc priest (D:4)
  2 worker ants (D:4)
  2 merfolk sirens (Sewer)
  A merfolk avatar (Sewer)
  A hound skeleton (D:5)
  12 adders
  A river rat (Sewer)
  An ooze (D:2)
  3 worms
  2 dart slugs (D:1)
  5 leopard geckos
  7 orcs
  12 giant cockroaches
  9 goblins
  4 hobgoblins
  11 jackals
  4 quokkas
  A ball python skeleton (D:4)
  5 bats
  4 frilled lizards
  5 kobolds
  29 rats
126 creatures vanquished.

Notes
Turn   | Place    | Note
-------+----------+-------------------------------------------
     0 | D:1      | DildoBatman the Formicid Enchanter began the quest for the Orb.
     0 | D:1      | Reached XP level 1. HP: 13/13 MP: 3/3
    45 | D:1      | Reached skill level 1 in Fighting
    49 | D:1      | Reached XP level 2. HP: 21/21 MP: 5/5
   115 | D:1      | Reached skill level 2 in Fighting
   339 | D:1      | Reached XP level 3. HP: 10/28 MP: 6/6
   701 | D:2      | Reached skill level 3 in Fighting
   781 | D:2      | Found a sparkling altar of Nemelex Xobeh.
   781 | D:2      | Found a snail-covered altar of Cheibriados.
   845 | D:2      | Reached skill level 1 in Armour
   845 | D:2      | Reached XP level 4. HP: 10/35 MP: 5/7
  1496 | D:2      | Found a hazy altar of Hepliaklqana.
  1566 | D:2      | Noticed Sigmund
  1831 | D:2      | Reached XP level 5. HP: 41/41 MP: 6/8
  1851 | D:2      | Found a stormy altar of Qazlal.
  2328 | D:3      | Noticed a hippogriff
  2453 | D:4      | Reached skill level 4 in Fighting
  2529 | D:4      | Found a glowing drain.
  2533 | Sewer    | Entered a sewer
  2648 | Sewer    | Reached XP level 6. HP: 47/48 MP: 7/9
  3222 | Sewer    | Learned a level 3 spell: Confuse
  3445 | Sewer    | Reached skill level 5 in Fighting
  3655 | D:4      | Reached XP level 7. HP: 56/56 MP: 10/10
  3788 | D:4      | Got a distressingly furry leather armour
  3799 | D:4      | Identified the cursed +0 leather armour of the Moon {Slay+3} (You found it on level 4 of the Dungeon)
  4148 | D:4      | Found a bloodstained altar of Trog.
  4335 | D:5      | Entered Level 5 of the Dungeon
  4373 | D:5      | Found the +9 staff of Olgreb {rPois}
  4379 | D:5      | Found a runed door.
  4383 | D:5      | Noticed a water moccasin
  4383 | D:5      | Noticed a soldier ant
  4383 | D:5      | Noticed a soldier ant
  4384 | D:5      | Found a runed gate.
  4384 | D:5      | Noticed a water moccasin
  4384 | D:5      | Noticed a soldier ant
  4387 | D:5      | Noticed a water moccasin
  4391 | D:5      | Found a runed door.
  4401 | D:5      | Found a runed gate.
  4401 | D:5      | Found a runed gate.
  4448 | D:5      | Slain by a centaur

Skill      XL: |  1  2  3  4  5  6 |
---------------+-------------------+-----
Fighting       | 1 2 3 4 5 |  5.5
Dodging        | 2 |  2.6
Armour         | 1 2 3 4 |  4.6
Stealth        | 4 |  4.7
Short Blades   | |  1.0
Spellcasting   | |  2.1
Hexes          | |  3.6

Action                   |  1- 3 |  4- 6 |  7- 9 || total
-------------------------+-------+-------+-------++-------
Melee: Dagger            |    77 |   202 |       ||   279
       Trident           |       |    68 |    40 ||   108
 Cast: Corona            |    15 |    36 |     3 ||    54
       Confuse           |       |       |     1 ||     1
 Abil: Dig               |     2 |     4 |     1 ||     7
 Stab: Sleeping          |     5 |     4 |     4 ||    13
  Eat: Chunk             |       |    10 |     3 ||    13
Armor: Robe              |     9 |     7 |       ||    16
       Leather armour    |       |    46 |     5 ||    51
Dodge: Dodged            |    42 |   124 |    22 ||   188
